 Dungeon Crawl Stone Soup version 0.32-a0-818-gb728d0252e (webtiles) character file.

Game seed: 1393680935217896661

2671 smashvw the Fighter (level 9, -10/76 HPs)
             Began as a Coglin Hunter on Mar 24, 2024.
             Was a Follower of Okawaru.
             Mangled by an orc warrior
             ... wielding a +0 war axe
              (14 damage)
             ... in a bailey.
             The game lasted 00:14:14 (6289 turns).

smashvw the Fighter (Coglin Hunter)                 Turns: 6289, Time: 00:14:15

Health: -10/76     AC: 10    Str: 12    XL:     9   Next: 63%
Magic:  9/9        EV:  8    Int:  8    God:    Okawaru [*.....]
Gold:   406        SH:  0    Dex: 22    Spells: 8/8 levels left

rFire   . . .        a - +2 sling {Olga}
rCold   . . .        d - +0 sling {Kai}
rNeg    . . .        u - +4 scale mail
rPois   .            (no helmet)
rElec   .            j - scarf {shadows}
rCorr   .            (no gloves)
SInv    .            (no boots)
Will    .....        (amulet unavailable)
Stlth   +            (ring unavailable)
HPRegen 0.32/turn    (ring unavailable)
MPRegen 0.11/turn    (no gizmo)

%: no passive effects
@: about to teleport, revving
A: off-hand wielding, slow wielding, warmup strikes, no jewellery
a: Invent Gizmo, Renounce Religion, Heroism


You were in a bailey.
You worshipped Okawaru.
Okawaru was aware of your devotion.
You visited 2 branches of the dungeon, and saw 8 of its levels.
You also visited: Sewer and Bailey.

You collected 406 gold pieces.

Inventory:

Hand Weapons
 a - a +2 sling (weapon) {Olga}
 d - a +0 sling (offhand) {Kai}
 z - a +4 shortbow
Missiles
 q - 8 poisoned darts
 D - 5 atropa-tipped darts
 E - 2 boomerangs
Armour
 j - a scarf of shadows (worn)
 u - a +4 scale mail (worn)
Wands
 v - a wand of acid (14)
Scrolls
 b - a scroll of butterflies
 c - 3 scrolls of fear {unknown}
 e - 5 scrolls of identify
 f - a scroll of amnesia {unknown}
 k - 2 scrolls of enchant armour {unknown}
 p - 4 scrolls of teleportation
 s - a scroll of silence {unknown}
 t - 3 scrolls of revelation {unknown}
 y - a scroll of fog {unknown}
 A - a scroll of vulnerability {unknown}
Potions
 g - a potion of curing {unknown}
 h - 2 potions of attraction
 i - a potion of haste
 l - a potion of might {unknown}
 m - a potion of heal wounds
 n - 2 potions of mutation {unknown}
 o - 2 potions of berserk rage {unknown}
 r - a potion of enlightenment {unknown}
 w - a potion of magic {unknown}
 x - a potion of invisibility {unknown}
 B - 3 potions of brilliance {unknown}
 C - 3 potions of cancellation {unknown}


   Skills:
 + Level 9.3 Fighting
 + Level 9.2 Ranged Weapons
 - Level 1.7 Dodging
 - Level 0.7 Stealth


You had 8 spell levels left.
You didn't know any spells.
Your spell library contained the following spells:

 Spells                   Type           Power      Damage    Failure   Level
 Slow                     Hex            0%         N/A       94%         1
 Cigotuvi's Dreadful Rot  Necr/Alch/Air  0%         N/A       98%         2
 Sublimation of Blood     Necr           0%         N/A       98%         2
 Confusing Touch          Hex            0%         N/A       100%        3
 Vampiric Draining        Necr           0%         2d6       100%        3
 Dispel Undead            Necr           0%         3d6       100%        4
 Petrify                  Alch/Erth      0%         N/A       100%        4
 Irradiate                Conj/Alch      0%         3d11      100%        5
 Martyr's Knell           Necr/Summ      Unusable   N/A       N/A         4

Dungeon Overview and Level Annotations

Branches:
Dungeon (7/15)             Temple (1/1) D:6           Sewer (visited)
 Bailey (1/1)

Altars:
Ashenzari
Cheibriados
Dithmenos
Elyvilon
Fedhas
Gozag
Hepliaklqana
Kikubaaqudgha
Makhleb
Nemelex Xobeh
Okawaru
Qazlal
Ru
Sif Muna
Trog
Uskayaw
Vehumet
Wu Jian
Xom
Yredelemnul
Zin

Shops:
D:1 *   D:2 (   D:3 [


Innate Abilities, Weirdness & Mutations

You can wield a second weapon in your off-hand.
It takes a long time for you to wield or remove held weapons.
Your first few attacks do less damage.
You cannot equip rings or amulets.


Message History

The orc warrior is heavily wounded.
The orc warrior hits you with a +0 war axe.
The orc warrior hits you with a +0 war axe!
* * * LOW HITPOINT WARNING * * *
Things that are here:
a +0 hand axe; a +0 leather armour; an orc corpse You feel much better.
The orc warrior hits you with a +0 war axe.
The orc warrior hits you with a +0 war axe!
You shoot a sling bullet. The sling bullet hits the orc warrior.
The orc warrior is severely wounded.
You shoot a sling bullet.
The sling bullet barely misses the orc warrior.
The orc warrior hits you with a +0 war axe!
* * * LOW HITPOINT WARNING * * *
The orc warrior hits you with a +0 war axe.
* * * LOW HITPOINT WARNING * * *
You shoot a sling bullet.
The sling bullet hits the orc warrior but does no damage.
The orc warrior is severely wounded.
You shoot a sling bullet.
The sling bullet barely misses the orc warrior.
The orc warrior hits you with a +0 war axe.
* * * LOW HITPOINT WARNING * * *
The orc warrior hits you with a +0 war axe.
* * * LOW HITPOINT WARNING * * *
You feel much better.
The orc warrior hits you with a +0 war axe.
The orc warrior hits you with a +0 war axe!
* * * LOW HITPOINT WARNING * * *
As you read the scroll of teleportation, it crumbles to dust.
You feel strangely unstable.
The orc warrior hits you but does no damage.
The orc warrior hits you with a +0 war axe!
* * * LOW HITPOINT WARNING * * *
The orc warrior hits you with a +0 war axe.
* * * LOW HITPOINT WARNING * * *
The orc warrior attacks as it pursues you!
The orc warrior hits you with a +0 war axe!
You die...

#...........#
###.........##
###.#'#.....###
###.....###.###
##.........###
#..........ß#
#.......(..ß#
#∩.o.)⌠$....'.
#.@o.).....ß#..
#!$........ß##.
##?........###
###.....###.###
##.#)#.....###
##.........##
#...........#
#....g......#
#.....⌠.....#


You could see 2 orc warriors.

Vanquished Creatures
  A wyvern (D:7)
  Sigmund (D:3)
  Pargi (Sewer)
  8 orc warriors (Bailey)
  An ice beast (D:7)
  A black bear (D:6)
  An ogre (D:6)
  A phantom (D:6)
  2 centaurs (D:6)
  2 brain worms (Sewer)
  3 wights (D:7)
  A howler monkey (D:5)
  4 hounds
  An orc priest (D:2)
  A jelly (D:6)
  3 sleepcaps
  Terence (D:3)
  Jessica (D:3)
  Natasha (thrice) (D:3)
  10 gnolls
  9 adders
  A river rat (D:5)
  A shadow imp (D:5)
  A white imp (D:7)
  3 dart slugs
  2 ribbon worms (D:5)
  18 orcs
  6 endoplasms
  4 giant cockroaches
  15 goblins
  12 hobgoblins
  4 jackals
  4 kobolds
  4 quokkas
  9 ball pythons
  3 bats (D:1)
  8 frilled lizards
  5 rats
156 creatures vanquished.

Notes
Turn   | Place    | Note
-------+----------+-------------------------------------------
     0 | D:1      | smashvw the Coglin Hunter began the quest for the Orb.
     0 | D:1      | Reached XP level 1. HP: 16/16 MP: 1/1
    87 | D:1      | Reached XP level 2. HP: 23/23 MP: 2/2
   151 | D:1      | Found Uvehoxt's General Store.
   208 | D:1      | Reached XP level 3. HP: 28/28 MP: 3/3
   534 | D:1      | Reached XP level 4. HP: 35/35 MP: 4/4
  1016 | D:2      | Found a sparkling altar of Nemelex Xobeh.
  1211 | D:2      | Found a faded altar of an unknown god.
  1291 | D:2      | Found Race's Weapon Shop.
  1472 | D:3      | Reached XP level 5. HP: 42/42 MP: 5/5
  1513 | D:3      | Found Voistyen's Armour Shop.
  1535 | D:3      | Noticed Natasha
  1539 | D:3      | Killed Natasha
  1629 | D:3      | Noticed Sigmund
  1644 | D:3      | HP: 2/42 [something (5)]
  1645 | D:3      | Killed Sigmund
  1646 | D:3      | Reached skill level 5 in Ranged Weapons
  1646 | D:3      | Reached XP level 6. HP: 3/50 MP: 6/6
  2004 | D:3      | Noticed Natasha
  2009 | D:3      | Killed Natasha
  2072 | D:3      | Noticed Jessica
  2078 | D:3      | Killed Jessica
  2079 | D:3      | Reached skill level 5 in Fighting
  2137 | D:3      | Noticed Terence
  2143 | D:3      | Killed Terence
  2228 | D:3      | Noticed Natasha
  2232 | D:3      | Killed Natasha
  2308 | D:4      | Reached XP level 7. HP: 56/56 MP: 7/7
  2996 | D:5      | Entered Level 5 of the Dungeon
  3157 | D:5      | Found a glowing drain.
  3189 | Sewer    | Entered a sewer
  3316 | Sewer    | Noticed Pargi
  3330 | Sewer    | Killed Pargi
  3705 | D:5      | Reached XP level 8. HP: 65/65 MP: 8/8
  3803 | D:4      | Found a white marble altar of Elyvilon.
  3803 | D:4      | Found a hide-covered altar of Uskayaw.
  4423 | D:6      | Found a sacrificial altar of Ru.
  4440 | D:6      | Found a staircase to the Ecumenical Temple.
  4448 | Temple   | Entered the Ecumenical Temple
  4489 | Temple   | Became a worshipper of Warmaster Okawaru
  5068 | D:7      | Noticed a wyvern
  5081 | D:7      | Killed a wyvern
  5333 | D:7      | Reached XP level 9. HP: 74/74 MP: 9/9
  5401 | D:7      | Reached * piety under Okawaru
  5458 | D:7      | Found a flagged portal.
  5471 | Bailey   | Entered a bailey
  5727 | Bailey   | HP: 2/75 [orc warrior/+0 war axe (5)]
  6289 | Bailey   | Mangled by an orc warrior

Illustrated notes

Levels and vault maps discovered:
D:1:      dpeg_arrival_another_circle, layout_basic, serial_shops, shop,
          st_stairs_11, serial_bayou_lagoon_a, nrook_campfire
D:2:      wad_pebble_path, layout_basic, serial_shops,
          nicolae_shop_advertising_works [nicolae_subvault_shop_adworks],
          nicolae_ecumenical_lake_church, basic_altar
D:3:      cheibrodos_old_hovel, layout_rooms, serial_shops, shop, uniq_sigmund,
          uniq_terence, uniq_natasha, uniq_jessica
D:4:      layout_loops_ring, nicolae_overflow_hidden_temple
D:5:      layout_basic, portal_sewer_entry_a
D:6:      layout_loops_cross, nicolae_ru_sacrificial_ziggurat,
          minmay_temple_entry_offerings
D:7:      layout_basic, lemuel_tele_altar, enter_bailey_5, grunt_ministairs_5,
          kennysheep_small_spiral, minmay_hollow_rounded_squares
Temple:   compressed_dpeg_circular_temple
Bailey:   bailey_axe_minmay_hex_keep, bailey

Skill      XL: |  1  2  3  4  5  6  7  8  9 |
---------------+----------------------------+-----
Ranged Weapons | 4 5 6 8 9 |  9.2
Fighting       | 3 4 5 6 8 9 |  9.3
Dodging        | |  1.7
Stealth        | |  0.7

Action                     |  1- 3 |  4- 6 |  7- 9 || total
---------------------------+-------+-------+-------++-------
   Fire: Sling             |   156 |   200 |   720 ||  1076
  Throw: Dart              |       |       |     2 ||     2
    Use: Potion            |       |       |     8 ||     8
         Scroll            |       |       |     3 ||     3
 Armour: Leather armour    |     7 |    19 |     9 ||    35
         Scale mail        |       |       |   277 ||   277
  Dodge: Dodged            |     8 |    13 |   136 ||   157

Table legend: (Time is in decaauts)
 A = Elapsed time spent in this place.
 B = Non-inter-level travel time spent in this place.
 C = Inter-level travel time spent in this place.
 D = Time resting spent in this place.
 E = Time spent auto-exploring this place.
 F = Levels seen in this place.
 G = Mean time per level.
                   A        B        C        D        E       F      G
               +--------+--------+--------+--------+--------+-----+--------+
         Total |   6450 |   6266 |    184 |    239 |   4946 |  10 |  645.0 |
       Dungeon |   5151 |   5010 |    141 |    115 |   4143 |   7 |  735.9 |
        Temple |     69 |     26 |     43 |      0 |      0 |   1 |   69.0 |
         Sewer |    396 |    396 |      0 |      0 |    311 |   1 |  396.0 |
        Bailey |    833 |    833 |      0 |    124 |    492 |   1 |  833.0 |
               +--------+--------+--------+--------+--------+-----+--------+

Top non-repeatable levels by time:
     D:1: 916 daAuts
     D:6: 835 daAuts
  Bailey: 833 daAuts
     D:3: 833 daAuts
     D:5: 799 daAuts
     D:4: 727 daAuts
     D:2: 591 daAuts
     D:7: 447 daAuts
   Sewer: 396 daAuts
  Temple: 69 daAuts
